 Dungeon Crawl Stone Soup version 0.17.1-1-g73c8601 (webtiles) character file.

572 Mysteryquy the Carver (level 7, -9/57 HPs)
             Began as a Hill Orc Fighter on Jan 4, 2016.
             Mangled by an ice beast (12 damage)
             ... on level 5 of the Dungeon.
             The game lasted 00:07:29 (3894 turns).

Mysteryquy the Carver (Hill Orc Fighter)            Turns: 3894, Time: 00:07:29

Health: -9/57      AC:  6    Str: 21    XL:     7   Next: 34%
Magic:  7/7        EV:  7    Int:  8    God:
Gold:   214        SH:  9    Dex: 10    Spells: 0 memorised, 6 levels left

rFire  . . .     SeeInvis .     a - +0 long sword
rCold  . . .     Clarity  .     b - +0 scale mail
rNeg   . . .     SustAt   .     c - +0 shield
rPois  .         Gourm    .     (no helmet)
rElec  .         Spirit   .     (no cloak)
rCorr  .         Warding  .     (no gloves)
rMut   .         Stasis   .     (no boots)
MR     .....                    (no amulet)
Stlth  ..........               (no ring)
                                (no ring)

@: not resistant to hostile enchantments, extremely unstealthy
A: no striking features
a: no special abilities


You were on level 5 of the Dungeon.
You were near starving.

You visited 1 branch of the dungeon, and saw 5 of its levels.
You also visited: Ossuary.

You collected 214 gold pieces.

Inventory:

Hand Weapons
 a - a +0 long sword (weapon)
Missiles
 u - 7 javelins (quivered)
Armour
 b - a +0 scale mail (worn)
 c - a +0 shield (worn)
Jewellery
 m - an uncursed amulet of the gourmand {unknown}
 w - an uncursed ring of positive energy {unknown}
 B - an uncursed ring of see invisible {unknown}
Scrolls
 f - 6 scrolls of identify {unknown}
 g - 2 scrolls of fog {unknown}
 h - 5 scrolls of amnesia {unknown}
 i - 2 scrolls of enchant weapon {unknown}
 l - 6 scrolls of noise {unknown}
 n - 4 scrolls of remove curse {unknown}
 o - a scroll of teleportation {unknown}
 p - a scroll of recharging {unknown}
 r - a scroll of magic mapping {unknown}
 s - a scroll of blinking {unknown}
 y - a scroll of immolation {unknown}
Potions
 d - 3 potions of might
 j - 3 potions of heal wounds
 k - a potion of mutation {unknown}
 q - a potion of flight {unknown}
 z - 5 potions of brilliance {unknown}
 A - 2 potions of curing {unknown}
 C - a potion of haste {unknown}
 D - a potion of agility {unknown}
Comestibles
 e - 4 bread rations
 t - 2 slices of pizza
 v - a fruit
 x - 2 meat rations


   Skills:
 - Level 3.6 Fighting
 + Level 8.6 Long Blades
 - Level 3.2 Armour
 - Level 3.2 Shields


You had 6 spell levels left.
You didn't know any spells.

Dungeon Overview and Level Annotations

Branches:
Dungeon (5/15)
 Temple: D:4-7

Altars:
Gozag
Ru


Message History

The ice beast is heavily wounded.
The ice beast hits you.
* * * LOW HITPOINT WARNING * * *
The ice beast freezes you!
* * * LOW HITPOINT WARNING * * *
You hit the ice beast.
The ice beast is severely wounded.
The ice beast misses you. You block the ice beast's attack.
You hit the ice beast.
The ice beast is almost dead.
You block the ice beast's attack.
You closely miss the ice beast.
The ice beast is almost dead.
The ice beast hits you but does no damage.
You closely miss the ice beast.
The ice beast is almost dead.
The ice beast hits you.
* * * LOW HITPOINT WARNING * * *
The ice beast freezes you!
You die...

#..........# #.......#
##..........# #.......#
##...........# #.......#
#............## #.......#
#.............###.......#
#.............##..(....##
#.#...........##.......#
#.............##.......#
#.....#######@##.......#
#.....#
#Y##.......#######
#.....#
#.##..............
#...).#
###.##..............
#.....#
#.......###.........
####### #.......#
#......... #.......#
#......... #.......#
#......... #.......#
#.........


You could see an ice beast.

Vanquished Creatures
  3 water moccasin zombies (Ossuary)
  A scorpion (D:4)
  2 hounds (D:4)
  5 big kobold zombies (Ossuary)
  2 mummies (Ossuary)
  2 adders
  4 gnolls
  3 adder zombies (Ossuary)
  3 worms
  3 giant geckos
  11 orcs (D:3)
  6 bats
  6 giant cockroaches
  A gnoll zombie (Ossuary)
  11 goblins
  5 hobgoblins
  8 jackals
  2 quokkas (D:4)
  3 giant newts
  6 hobgoblin zombies (Ossuary)
  6 kobolds
  4 kobold zombies (Ossuary)
  An orc zombie (Ossuary)
  7 rats
105 creatures vanquished.

Notes
Turn   | Place    | Note
--------------------------------------------------------------
     0 | D:1      | Mysteryquy the Hill Orc Fighter began the quest for the Orb.
     0 | D:1      | Reached XP level 1. HP: 19/19 MP: 1/1
   276 | D:1      | Reached XP level 2. HP: 24/26 MP: 2/2
   855 | D:1      | Reached XP level 3. HP: 27/31 MP: 3/3
  1009 | D:2      | Reached skill level 4 in Long Blades
  1080 | D:1      | Reached XP level 4. HP: 39/39 MP: 4/4
  1301 | D:2      | Found an opulent altar of Gozag.
  1404 | D:2      | Found a sacrificial altar of Ru.
  1430 | D:2      | Reached skill level 5 in Long Blades
  1892 | D:3      | Reached XP level 5. HP: 42/45 MP: 5/5
  2713 | D:4      | Reached skill level 6 in Long Blades
  2776 | D:4      | Reached XP level 6. HP: 12/51 MP: 6/6
  2915 | D:4      | Reached skill level 7 in Long Blades
  3113 | D:4      | Noticed an ogre
  3156 | D:5      | Entered Level 5 of the Dungeon
  3287 | D:5      | Found a sand-covered staircase.
  3301 | Ossuary  | Entered an ossuary
  3655 | Ossuary  | Reached skill level 8 in Long Blades
  3655 | Ossuary  | Reached XP level 7. HP: 27/57 MP: 7/7
  3894 | D:5      | Mangled by an ice beast

Action                   |  1- 3 |  4- 6 |  7- 9 || total
-------------------------+-------+-------+-------++-------
Melee: Long sword        |   105 |   294 |    98 ||   497
  Use: Potion            |       |       |     1 ||     1
  Eat: Chunk             |     1 |     7 |       ||     8
       Fruit             |       |       |     1 ||     1
